 Dungeon Crawl Stone Soup version 0.30-a0-802-gb92711bcdf (webtiles) character file.

Game seed: 14279998511478474580

87751 demibob the Fencer (level 15, -7/150 HPs)
             Began as a Minotaur Fighter on Feb 24, 2023.
             Was an Initiate of Gozag.
             Mangled by a cyclops (38 damage)
             ... on level 14 of the Dungeon.
             The game lasted 00:29:59 (23567 turns).

demibob the Fencer (Minotaur Fighter)              Turns: 23567, Time: 00:29:59

Health: -7/150     AC: 30    Str: 24    XL:     15   Next: 44%
Magic:  14/14      EV: 15    Int:  7    God:    Gozag
Gold:   368        SH:  0    Dex: 18    Spells: 14/14 levels left

rFire   + . .      SeeInvis .    a - +6 great sword (protect)
rCold   x . .      Faith    +    (shield currently unavailable)
rNeg    . . .      Spirit   .    J - +1 scale mail of Apathy {Dex+3}
rPois   .          Reflect  .    (helmet restricted)
rElec   +          Harm     .    A - +0 cloak
rCorr   .          Rampage  .    s - +1 pair of gloves
Will    +....                    x - +1 pair of boots {Stlth+}
Stlth   +                        t - amulet of Wishful Thinking {Faith Fly rElec Dex+3 Slay+2}
HPRegen 0.45/turn                d - ring "Arphala" {rF+ rC- AC+4 Slay+4}
MPRegen 0.14/turn                E - +5 ring of evasion

@: under a protective aura, flying
A: horns 2, retaliatory headbutt
a: Renounce Religion, Potion Petition, Call Merchant, Bribe Branch


You were on level 14 of the Dungeon.
You worshipped Gozag.
Gozag was aware of your devotion.
You visited 4 branches of the dungeon, and saw 22 of its levels.
You visited the Abyss 1 time.

You collected 9100 gold pieces.
You spent 1283 gold pieces at shops.
You paid 7449 gold pieces to Gozag.


Innate Abilities, Weirdness & Mutations

You have a pair of horns on your head.
You reflexively headbutt those who attack you in melee.


   Skills:
 - Level 18.3 Fighting
 + Level 18.6 Long Blades
 - Level 18.3 Armour
 - Level 3.6 Shields
 + Level 7.9 Evocations


You had 14 spell levels left.
You didn't know any spells.
Your spell library contained the following spells:

 Spells                   Type           Power      Damage    Failure   Level
 Kiss of Death            Conj/Necr      0%         2d5       63%         1
 Magic Dart               Conj           0%         1d3       63%         1
 Slow                     Hex            0%         N/A       63%         1
 Lesser Beckoning         Tloc           0%         N/A       77%         2
 Scorch                   Fire           0%         2d5       77%         2
 Searing Ray              Conj           0%         2d4       77%         2
 Confusing Touch          Hex            0%         N/A       94%         3
 Dazzling Flash           Conj/Hex       0%         N/A       94%         3
 Gell's Gravitas          Tloc           0%         N/A       94%         3
 Ozocubu's Armour         Ice            0%         N/A       94%         3
 Teleport Other           Tloc           0%         N/A       94%         3
 Vampiric Draining        Necr           0%         2d6       94%         3
 Vhi's Electric Charge    Tloc/Air       0%         N/A       94%         3
 Dispel Undead            Necr           0%         3d6       100%        4
 Flame Wave               Conj/Fire      0%         2d4       100%        4
 Fulminant Prism          Conj/Hex       0%         3d5       100%        4
 Iskenderun's Mystic Bla  Conj/Tloc      0%         2d3       100%        4
 Arcjolt                  Conj/Air       0%         1d10      100%        5
 Starburst                Conj/Fire      0%         6d3       100%        6
 Summon Cactus Giant      Summ           0%         N/A       100%        6
 Ozocubu's Refrigeration  Ice            0%         4d7       100%        7
 Maxwell's Capacitive Co  Air            0%         ∞         100%        8

Inventory:

Hand Weapons
 a - a +6 great sword of protection (weapon)
 b - a +1 long sword of flaming
 H - a +2 long sword of draining
Missiles
 U - a throwing net {=f}
Armour
 s - a +1 pair of gloves (worn)
 x - a +1 pair of boots of stealth (worn)
 A - a +0 cloak (worn)
 J - the +1 scale mail of Apathy (worn) {Dex+3}
   (You bought it in a shop on level 1 of the Lair of Beasts)

   Dex:       It affects your dexterity (+3).
Jewellery
 d - the ring "Arphala" (left hand) {rF+ rC- AC+4 Slay+4}
   (You acquired it on level 3 of the Dungeon)

   [ring of protection]

   AC:        It affects your AC (+4).
   Slay:      It affects your accuracy & damage with ranged weapons and melee
   (+4).
   rF:        It protects you from fire.
   rC:        It makes you vulnerable to cold.
 e - a +5 ring of evasion
 t - the amulet of Wishful Thinking (around neck) {Faith Fly rElec Dex+3 Slay+2}
   (You found it on level 13 of the Dungeon)

   [amulet of faith]

   It allows you to gain divine favour quickly.
   Dex:       It affects your dexterity (+3).
   Slay:      It affects your accuracy & damage with ranged weapons and melee
   (+2).
   rElec:     It insulates you from electricity.
   Fly:       It grants you flight.
 u - the necklace of Bloodlust {Fury *Rage Will++ Int-3 Slay+6}
   (You bought it in a shop on level 5 of the Dungeon)

   [amulet of nothing]

   Fury:      It extends the wearer's berserk rage when killing foes.
   Int:       It affects your intelligence (-3).
   Slay:      It affects your accuracy & damage with ranged weapons and melee
   (+6).
   *Rage:     It berserks you when you make melee attacks (+50% chance).
   Will:      It greatly increases your willpower.
 v - an amulet of regeneration
 E - a +5 ring of evasion (right hand)
 F - a ring of protection from fire
 P - a ring of poison resistance
 Q - the ring "Gusimiuq" {rElec rF- Dex+7 SInv}
   (You found it on level 13 of the Dungeon)

   [ring of see invisible]

   Dex:       It affects your dexterity (+7).
   rF:        It makes you vulnerable to fire.
   rElec:     It insulates you from electricity.
   SInv:      It lets you see invisible.
 W - a ring of willpower
Wands
 r - a wand of charming (19)
 y - a wand of acid (3)
 G - a wand of polymorph (1)
 L - a wand of iceblast (16)
 M - a wand of flame (38)
Scrolls
 f - 8 scrolls of enchant weapon
 g - 2 scrolls of noise
 i - 7 scrolls of amnesia
 k - 2 scrolls of magic mapping
 q - 13 scrolls of teleportation {@r2}
 C - 5 scrolls of fog
 K - 4 scrolls of enchant armour
 N - 3 scrolls of fear
 O - 7 scrolls of identify {@r1}
Potions
 c - 8 potions of curing {@q1}
 h - 2 potions of ambrosia
 j - 4 potions of mutation
 l - 4 potions of cancellation
 m - 6 potions of degeneration
 n - 2 potions of haste {@q3}
 o - 3 potions of lignification
 p - 5 potions of flight
 z - 2 potions of brilliance
 D - 2 potions of attraction
 I - a potion of resistance
Miscellaneous
 w - a box of beasts (inert)
 B - a lightning rod (2/4)
 S - a condenser vane (inert)

Dungeon Overview and Level Annotations

Branches:
Dungeon (14/15)            Temple (1/1) D:4            Lair (5/5) D:8
 Shoals (0/4) Lair:3       Spider (0/4) Lair:2        Slime (0/5) Lair:5
    Orc (2/2) D:11            Elf (0/3) Orc:2
 Vaults: D:13-14

Altars:
Dithmenos
Elyvilon
Fedhas
Gozag
Makhleb
Nemelex Xobeh
Okawaru
Ru
Trog
Uskayaw
Wu Jian
Xom
Zin
Jiyva
Lugonu

Shops:
D:5 =:(   D:7 (   D:8 (   D:11 [(   D:12 *   D:13 [   Orc:2 [?[??   Lair:1 [

Portals:
Abyss: Lair:5

Annotations:
D:8 exclusion: oklob plant
D:12 1 transporter, epsilonplus's ghost, journeyman DEAE
D:14 Louise; Nessos

.#.............#
.#.............#
.#.............#
.#.............#####
.#.......####......#
.........# #......#
.........+ #......#
.........# #......#
......... #...@@.###
.#..... #####C...#
....... .C....'y...#
....... ......#)...#
<...... ..##.##....#
....... #. ####...
....... c ....
....... . .....
##..... .. ....


You could see Louise, Nessos the moth of wrath and a cyclops (berserk).


Message History

Louise casts a spell at you. The stone arrow hits you!!
* * * LOW HITPOINT WARNING * * *
You slash the cyclops!
The cyclops is heavily wounded.
The cyclops hits you!!
* * * LOW HITPOINT WARNING * * *
Louise hits you with a +4 trident of protection.
* * * LOW HITPOINT WARNING * * *
Okay, then.
Okay, then.
Aiming: Thunderbolt
Press: ? - help, Shift-Dir - straight line, f/p - Nessos
Aim: Nessos the moth of wrath The thunderbolt hits the cyclops.
The cyclops is heavily wounded.
The thunderbolt hits Nessos!
Nessos is moderately wounded.
The cyclops barely misses you. You furiously retaliate!
You headbutt the cyclops. Louise hits you but does no damage.
Aiming: Thunderbolt
Press: ? - help, Shift-Dir - straight line, f - Louise
Aim: Louise, wielding a +4 trident of protection, wearing a +0 chain mail and wearing a +0 tower shield (almost dead)
The thunderbolt hits Louise!
Louise is almost dead.
The thunderbolt hits the cyclops!
The cyclops is almost dead.
The cyclops hits you!!!
You die...
Your body crumbles into a pile of gold.

Skill      XL: |  1  2  3  4  5  6  7  8  9 10 11 12 13 14 15 |
---------------+----------------------------------------------+-----
Long Blades    | 3 4 5 6 7 9 11 13 14 17 18 | 18.6
Fighting       | 8 11 13 16 18 | 18.3
Armour         | 8 11 13 16 18 | 18.3
Evocations     | 5 7 |  7.9
Shields        | |  3.6

Action                     |  1- 3 |  4- 6 |  7- 9 | 10-12 | 13-15 || total
---------------------------+-------+-------+-------+-------+-------++-------
  Melee: Long sword        |   106 |   130 |   264 |   521 |   363 ||  1384
         Headbutt          |    15 |    16 |    52 |   125 |   235 ||   443
         Punch             |     1 |       |     3 |     3 |     7 ||    14
         Great sword       |       |       |       |       |   565 ||   565
 Invoke: Call Merchant     |       |       |     1 |     2 |     4 ||     7
  Evoke: Wand              |       |       |       |     2 |     2 ||     4
         Lightning rod     |       |       |       |       |     6 ||     6
         Box of beasts     |       |       |       |       |     2 ||     2
         Condenser vane    |       |       |       |       |     2 ||     2
    Use: Potion            |     1 |     1 |     3 |     2 |    14 ||    21
         Scroll            |       |     9 |    11 |     5 |     8 ||    33
   Stab: Distracted        |       |       |     1 |     3 |     5 ||     9
 Armour: Scale mail        |    41 |    61 |   109 |   268 |   465 ||   944
  Dodge: Dodged            |    49 |    75 |   102 |   197 |   476 ||   899

Levels and vault maps discovered:
D:1:      dpeg_arrival_tiny_d, layout_rooms
D:2:      layout_loops_ring, uniq_robin
D:3:      layout_rooms
D:4:      layout_loops_ring, chequers_temple_overflow_minitemple,
          minmay_temple_entry_trees, kennysheep_generic_room_9
D:5:      layout_layer_cave, chequers_mini_garden,
          nicolae_shop_i_like_big_books, nicolae_shop_firing_range, uniq_sigmund
D:6:      old_forge, layout_basic
D:7:      layout_loops_ring
D:8:      lemuel_slime, layout_cave_pods, david_lair_generic,
          kennysheep_generic_room_6
D:9:      layout_roguey, nrook_uturn, hangedman_feature_mirror
D:10:     layout_roguey, xom_confusion_cloud, due_unseen_surprise
D:11:     layout_grid_maze, orc_0_dummy, st_stairs_4
D:12:     layout_irregular_city, gammafunk_ghost_mausoleum,
          nicolae_transmutations_shop, uniq_urug, uniq_erolcha, uniq_nergalle
D:13:     evilmike_makhleb_hellhole, layout_basic, kennysheep_windowed_goal,
          uniq_lodul
D:14:     layout_gridville, david_vaults_2, minmay_holes, uniq_nessos,
          uniq_snorg, uniq_louise
Temple:   compressed_dpeg_circular_temple
Lair:1:   layout_misc_corridors, minmay_shattered_shrine,
          infiniplex_staircase_pool, lemuel_fruit_fields
Lair:2:   layout_chaotic_city, nicolae_spider_entry_non_spiders,
          minmay_lair_oklob_bushes, hangedman_lair_unloving_vines,
          grunt_megastairs_2, serial_bayou_shore_b, infiniplex_staircase_pool_2
Lair:3:   layout_gridlike, elwin_shoals_entry_rooms,
          eino_small_chamber_without_monster, wad_woods_road_04, uniq_kirke,
          uniq_amaemon
Lair:4:   layout_cave_pods, hangedman_lair_generics_rect, lemuel_fruit_fields
Lair:5:   hellmonk_lair_end_abyssal_woods, layout_cave_pods,
          nicolae_slime_entry_field_trip, portal_ice_cave_rime
Orc:1:    layout_caves, serial_shops, uniq_josephine
Orc:2:    st_orc_elflike, layout_caves, serial_shops, shop, mines3_lemuel,
          uniq_maurice

Notes
Turn   | Place    | Note
-------+----------+-------------------------------------------
     0 | D:1      | demibob the Minotaur Fighter began the quest for the Orb.
     0 | D:1      | Reached XP level 1. HP: 19/19 MP: 0/0
    53 | D:1      | Reached skill level 3 in Long Blades
    98 | D:1      | Reached XP level 2. HP: 26/26 MP: 1/1
   263 | D:1      | Reached skill level 4 in Long Blades
   293 | D:1      | Reached XP level 3. HP: 26/31 MP: 2/2
   948 | D:2      | Reached skill level 5 in Long Blades
  1017 | D:2      | Noticed Robin
  1036 | D:2      | Killed Robin
  1037 | D:2      | Reached XP level 4. HP: 35/39 MP: 3/3
  1490 | D:3      | Reached skill level 6 in Long Blades
  1565 | D:3      | Noticed a steam dragon
  1569 | D:3      | Reached XP level 5. HP: 30/45 MP: 4/4
  1573 | D:3      | Killed a steam dragon
  1574 | D:3      | Reached skill level 7 in Long Blades
  1708 | D:3      | Reached XP level 6. HP: 51/51 MP: 5/5
  2105 | D:3      | Identified a scroll of acquirement
  2105 | D:3      | Acquired the ring "Arphala" {rF+ rC- AC+4 Slay+4}
  2221 | D:4      | Reached skill level 8 in Long Blades
  2233 | D:4      | Found a staircase to the Ecumenical Temple.
  2247 | Temple   | Entered the Ecumenical Temple
  2263 | Temple   | Became a worshipper of Gozag Ym Sagoz the Greedy
  2456 | D:4      | Reached skill level 9 in Long Blades
  2503 | D:4      | Reached XP level 7. HP: 53/57 MP: 6/6
  3022 | D:4      | Found a faded altar of an unknown god.
  3022 | D:4      | Found a bloodstained altar of Trog.
  3034 | D:4      | Found a sparkling altar of Nemelex Xobeh.
  3036 | D:4      | Found a faded altar of an unknown god.
  3039 | D:4      | Found a shadowy altar of Dithmenos.
  3153 | D:5      | Entered Level 5 of the Dungeon
  3194 | D:5      | Noticed Sigmund
  3201 | D:5      | Killed Sigmund
  3202 | D:5      | Reached skill level 10 in Long Blades
  3236 | D:5      | Noticed a yak
  3236 | D:5      | Noticed a yak
  3237 | D:5      | Noticed a yak
  3237 | D:5      | Noticed a yak
  3237 | D:5      | Noticed a yak
  3247 | D:5      | Noticed a yak
  3267 | D:5      | Killed a yak
  3268 | D:5      | Reached skill level 11 in Long Blades
  3274 | D:5      | Killed a yak
  3275 | D:5      | Reached XP level 8. HP: 23/64 MP: 7/7
  3279 | D:5      | Reached skill level 12 in Long Blades
  3294 | D:5      | Reached skill level 13 in Long Blades
  3903 | D:5      | Reached XP level 9. HP: 70/70 MP: 8/8
  3915 | D:5      | Acquired 1239 gold pieces
  3919 | D:5      | Reached skill level 14 in Long Blades
  3977 | D:5      | Found Isoazeh's Tremendous Tomes.
  4087 | D:5      | Found Ekkutess's Firing Range.
  4320 | D:5      | Reached skill level 4 in Fighting
  4320 | D:5      | Reached skill level 4 in Armour
  4871 | D:5      | Bought the necklace of Bloodlust {Fury *Rage Will++ Int-3
                  | Slay+6} for 543 gold pieces
  4871 | D:5      | Found the necklace of Bloodlust {Fury *Rage Will++ Int-3
                  | Slay+6}
  5350 | D:6      | Reached skill level 5 in Fighting
  5350 | D:6      | Reached skill level 5 in Armour
  5831 | D:6      | Reached skill level 6 in Fighting
  5831 | D:6      | Reached skill level 6 in Armour
  6012 | D:6      | Found the +11 Singing Sword {sonic wave}
  6373 | D:7      | Reached skill level 7 in Fighting
  6373 | D:7      | Reached skill level 7 in Armour
  6673 | D:7      | Reached skill level 8 in Fighting
  6673 | D:7      | Reached skill level 8 in Armour
  6673 | D:7      | Reached XP level 10. HP: 54/88 MP: 9/9
  7318 | D:8      | Reached skill level 9 in Fighting
  7318 | D:8      | Reached skill level 9 in Armour
  7443 | D:8      | Found a staircase to the Lair.
  7443 | D:8      | Noticed an elephant
  7464 | D:8      | Killed an elephant
  7468 | D:8      | Reached skill level 10 in Fighting
  7470 | D:8      | Reached skill level 10 in Armour
  8202 | D:8      | Noticed an oklob plant
  8396 | Lair:1   | Entered Level 1 of the Lair of Beasts
  8489 | Lair:1   | Reached skill level 11 in Fighting
  8489 | Lair:1   | Reached skill level 11 in Armour
  8508 | Lair:1   | Reached XP level 11. HP: 85/102 MP: 10/10
  9080 | Lair:1   | Noticed an eight-headed hydra
  9089 | Lair:1   | Killed a two-headed hydra
  9090 | Lair:1   | Reached skill level 12 in Fighting
  9090 | Lair:1   | Reached skill level 12 in Armour
  9528 | Lair:1   | Bought a pitted scale mail for 207 gold pieces
  9528 | Lair:1   | Identified the +1 scale mail of Apathy {Dex+3} (You bought
                  | it in a shop on level 1 of the Lair of Beasts)
  9539 | Lair:1   | Bought a pair of glowing boots for 172 gold pieces
  9564 | Lair:2   | Found a hole to the Spider Nest.
  9713 | Lair:2   | Reached skill level 13 in Fighting
  9717 | Lair:2   | Reached skill level 13 in Armour
  9904 | Lair:2   | Noticed an oklob plant
 10172 | Lair:2   | Noticed a skyshark
 10181 | Lair:2   | Killed a skyshark
 10182 | Lair:2   | Reached XP level 12. HP: 100/116 MP: 11/11
 11041 | Lair:3   | Noticed a six-headed hydra
 11048 | Lair:3   | Killed a two-headed hydra
 11049 | Lair:3   | Reached skill level 14 in Fighting
 11049 | Lair:3   | Reached skill level 14 in Armour
 11510 | Lair:3   | Noticed Amaemon
 11525 | Lair:3   | Killed Amaemon
 11659 | Lair:3   | Noticed Kirke
 11678 | Lair:3   | Reached skill level 15 in Fighting
 11678 | Lair:3   | Reached skill level 15 in Armour
 11679 | Lair:3   | Killed Kirke
 11941 | Lair:3   | Found a staircase to the Shoals.
 13178 | Lair:4   | You fall into a shaft and drop 1 floor!
 13178 | Lair:5   | Entered Level 5 of the Lair of Beasts
 13199 | Lair:5   | Reached skill level 16 in Fighting
 13205 | Lair:5   | Reached skill level 16 in Armour
 13351 | Lair:5   | Reached XP level 13. HP: 109/128 MP: 12/12
 13600 | Lair:5   | Found a staircase to the Slime Pits.
 13630 | Lair:5   | Found a frozen archway.
 13656 | Lair:5   | Reached skill level 17 in Fighting
 13656 | Lair:5   | Reached skill level 17 in Armour
 14487 | Lair:5   | Found a viscous altar of Jiyva.
 15080 | Lair:5   | Reached skill level 18 in Fighting
 15080 | Lair:5   | Reached skill level 18 in Armour
 15407 | Lair:5   | Found a corrupted altar of Lugonu.
 15407 | Lair:5   | Found a one-way gate to the infinite horrors of the Abyss.
 15893 | Lair:5   | You are cast into the Abyss!
 15893 | Abyss:2  | Cast into level 2 of the Abyss (spriggan)
 15903 | Abyss:2  | Identified a potion of resistance
 15919 | Lair:5   | You pass through the gate.
 15919 | Lair:5   | Escaped the Abyss
 16060 | Lair:5   | Reached XP level 14. HP: 86/144 MP: 13/13
 16420 | D:8      | Bought a glowing great sword for 361 gold pieces
 16435 | D:9      | Found a sacrificial altar of Ru.
 16572 | D:9      | Found a shimmering altar of Xom.
 17041 | D:10     | Entered Level 10 of the Dungeon
 17270 | D:10     | Reached skill level 15 in Long Blades
 17404 | D:10     | Found a shimmering altar of Xom.
 17971 | D:11     | Found a staircase to the Orcish Mines.
 18933 | D:12     | Reached skill level 16 in Long Blades
 18940 | D:12     | Reached skill level 1 in Evocations
 19029 | D:12     | Noticed Nergalle
 19042 | D:12     | Killed Nergalle
 19043 | D:12     | Reached skill level 2 in Evocations
 19056 | D:12     | Found a transporter.
 19058 | D:12     | Noticed epsilonplus's ghost (journeyman DEAE)
 19062 | D:12     | Noticed a vampire knight
 19140 | D:12     | Found Jiuneora's Changing Room.
 19220 | D:12     | Noticed Erolcha
 19229 | D:12     | Killed Erolcha
 19230 | D:12     | Reached skill level 3 in Evocations
 19335 | D:12     | Noticed Urug
 19341 | D:12     | Killed Urug
 19506 | D:12     | Identified the +4 broad axe of the Pharaoh's Fist {freeze,
                  | rC++ Will- rCorr}
 19827 | Orc:1    | Entered Level 1 of the Orcish Mines
 19844 | Orc:1    | Noticed Josephine
 19848 | Orc:1    | Reached skill level 4 in Evocations
 19939 | Orc:1    | Killed Josephine
 20065 | Orc:1    | Paralysed by an orc sorcerer for 5 turns
 20438 | Orc:2    | Entered Level 2 of the Orcish Mines
 20456 | Orc:2    | Reached skill level 17 in Long Blades
 20617 | Orc:2    | Found Enodobbaa's Armour Shop.
 20629 | Orc:2    | Reached skill level 5 in Evocations
 20638 | Orc:2    | Noticed Maurice
 20650 | Orc:2    | Killed Maurice
 20684 | Orc:2    | HP: 11/144 [orc knight/+0 battleaxe (24)]
 20890 | Orc:2    | Found Vyjup's Magic Scroll Emporium.
 20898 | Orc:2    | Found Fapriz's Antique Armour Emporium.
 20906 | Orc:2    | Found Biwneacw's Magic Scroll Shop.
 20993 | Orc:2    | Reached XP level 15. HP: 131/150 MP: 14/14
 21053 | Orc:2    | Reached skill level 6 in Evocations
 21255 | Orc:2    | Found Sinergh's Magic Scroll Shoppe.
 21266 | Orc:2    | Found a staircase to the Elven Halls.
 21552 | D:13     | Noticed Lodul
 21578 | D:13     | Killed Lodul
 22063 | D:13     | Reached skill level 18 in Long Blades
 22184 | D:13     | Reached skill level 7 in Evocations
 22346 | D:13     | Found a burning altar of Makhleb.
 22407 | D:13     | Identified the amulet of Wishful Thinking {Faith Fly rElec
                  | Dex+3 Slay+2}
 22409 | D:13     | Identified the ring "Gusimiuq" {rElec rF- Dex+7 SInv}
 22525 | D:13     | Identified the +6 short sword of Fate {freeze, Str+3}
 23546 | D:14     | Noticed Nessos
 23546 | D:14     | Noticed Louise
 23557 | D:14     | Nessos changed into Nessos the moth of wrath
 23557 | D:14     | Noticed Nessos
 23567 | D:14     | Mangled by a cyclops

Vanquished Creatures
  Kirke (Lair:3)
  A balrug (D:13)
  An ettin (Orc:1)
  3 green deaths (D:13)
  Josephine (Orc:1)
  4 hydras
  Erolcha (D:12)
  2 boulder beetles
  A centaur warrior (D:13)
  5 death yaks (Lair:5)
  2 two-headed ogres
  4 orc high priests (Orc:2)
  3 thrashing horrors (Lair:5)
  Urug (D:12)
  4 skysharks
  A soul eater (D:13)
  2 skeletal warriors (D:14)
  Nergalle (D:12)
  A sixfirhy (D:13)
  Amaemon (Lair:3)
  Lodul (D:13)
  3 orc knights (Orc:2)
  2 deep elf pyromancers (D:12)
  3 oklob plants
  6 ugly things
  2 manticores
  7 orc sorcerers
  A cyclops (D:12)
  A black mamba (shapeshifter) (Lair:5)
  2 smoke demons (Lair:5)
  An elephant (D:8)
  8 black mambas
  2 orange demons
  6 kobold demonologists
  A gargoyle (D:12)
  7 rime drakes
  7 cane toads
  9 komodo dragons
  A freezing wraith (D:10)
  2 ancient zymes (Lair:5)
  A wind drake (shapeshifter) (D:13)
  2 polar bears
  3 merfolk (Lair:3)
  A red devil (D:13)
  A troll (shapeshifter) (D:14)
  8 trolls
  A hellwing (D:13)
  35 blink frogs
  8 slime creatures (D:12)
  A shadow (D:10)
  A culicivora (shapeshifter) (Lair:5)
  Sigmund (D:5)
  2 vampires
  A spriggan (Lair:5)
  A ynoxinul (Lair:5)
  6 wyverns
  6 wraiths
  67 yaks
  A hog (Lair:3)
  A chaos spawn (Lair:5)
  A yak (shapeshifter) (Lair:5)
  10 basilisks
  9 vampire mosquitoes
  A steam dragon (D:3)
  13 water moccasins
  4 large abominations (Lair:5)
  A warg (Orc:2)
  An acid dragon (D:12)
  19 orc warriors
  An ice beast (D:8)
  A sky beast (D:8)
  4 black bears
  12 ogres
  6 wolves (Lair:1)
  8 centaurs
  4 phantoms
  9 small abominations (Lair:5)
  8 bullfrogs
  A necrophage (D:7)
  2 gnoll sergeants
  9 scorpions
  9 wights
  3 killer bees (D:7)
  3 howler monkeys
  3 electric eels (Lair:3)
  11 orc priests
  A gnoll bouda (D:6)
  4 hounds
  13 jellies
  3 iguanas
  22 orc wizards
  Robin (D:2)
  13 gnolls
  13 adders
  A shadow imp (D:6)
  7 worms
  7 dart slugs
  73 orcs
  3 ball pythons
  8 bats
  21 endoplasms
  5 giant cockroaches
  21 goblins
  10 hobgoblins
  6 jackals
  4 kobolds
  A quokka (D:2)
  3 frilled lizards
  5 rats
  A bush (Lair:2)
659 creatures vanquished.

Vanquished Creatures (collateral kills)
  3 skeletal warriors (D:14)
  An orc knight (Orc:2)
  An ugly thing (D:14)
  Maurice (Orc:2)
6 creatures vanquished.

Vanquished Creatures (others)
  2 unseen horrors (D:10)
  2 humans (Lair:3)
  A kobold brigand (D:10)
  A bush (Lair:5)
  27 fungi
  33 plants
66 creatures vanquished.

Grand Total: 731 creatures vanquished

Table legend: (Time is in decaauts)
 A = Elapsed time spent in this place.
 B = Non-inter-level travel time spent in this place.
 C = Inter-level travel time spent in this place.
 D = Time resting spent in this place.
 E = Time spent auto-exploring this place.
 F = Levels seen in this place.
 G = Mean time per level.
                   A        B        C        D        E       F      G
               +--------+--------+--------+--------+--------+-----+--------+
         Total |  23201 |  22254 |    947 |   1290 |  17254 |  23 | 1008.7 |
       Dungeon |  13849 |  13254 |    595 |    620 |  10397 |  14 |  989.2 |
        Temple |     31 |     16 |     15 |      0 |      7 |   1 |   31.0 |
          Lair |   7777 |   7509 |    268 |    594 |   5821 |   5 | 1555.4 |
  Orcish Mines |   1516 |   1447 |     69 |     75 |   1028 |   2 |  758.0 |
         Abyss |     25 |     25 |      0 |      0 |      0 |   1 |   25.0 |
               +--------+--------+--------+--------+--------+-----+--------+

Top non-repeatable levels by time:
  Lair:5: 2993 daAuts
     D:5: 1701 daAuts
  Lair:3: 1611 daAuts
    D:13: 1605 daAuts
  Lair:2: 1465 daAuts
     D:6: 1338 daAuts
     D:8: 1301 daAuts
    D:11: 1162 daAuts
  Lair:1: 1155 daAuts
    D:12: 921 daAuts
     D:4: 908 daAuts
   Orc:2: 889 daAuts
     D:2: 851 daAuts
    D:10: 821 daAuts
     D:7: 801 daAuts

Table legend:
 A = Non-vault XP
 B = Vault XP
 C = Vault XP percentage of total XP
 D = Non-vault monster count
 E = Vault monster count
 F = Vault count percentage of total count
                 A         B        C        D         E       F
            +---------+---------+-------+---------+---------+-------
      Total |   76443 |   48916 |  39.0 |     470 |     194 |  29.2
            +---------+---------+-------+---------+---------+-------
        D:1 |      50 |       0 |   0.0 |      26 |       0 |   0.0
        D:2 |      53 |      33 |  38.4 |      20 |      10 |  33.3
        D:3 |     283 |       0 |   0.0 |      26 |       0 |   0.0
        D:4 |     489 |       0 |   0.0 |      19 |       0 |   0.0
        D:5 |    1873 |     226 |  10.8 |      28 |       1 |   3.4
        D:6 |    1137 |     392 |  25.6 |      22 |      14 |  38.9
        D:7 |    1635 |       0 |   0.0 |      37 |       0 |   0.0
        D:8 |    2253 |    1541 |  40.6 |      18 |      24 |  57.1
        D:9 |    3678 |     332 |   8.3 |      29 |       2 |   6.5
       D:10 |    3748 |    2952 |  44.1 |      22 |      10 |  31.2
       D:11 |    1886 |     404 |  17.6 |      18 |       2 |  10.0
       D:12 |    7512 |    2425 |  24.4 |      20 |       3 |  13.0
       D:13 |    4451 |    9779 |  68.7 |      10 |      23 |  69.7
       D:14 |    6087 |       0 |   0.0 |      10 |       0 |   0.0
     Lair:1 |    2977 |    2189 |  42.4 |      17 |       6 |  26.1
     Lair:2 |    5332 |    2530 |  32.2 |      16 |      15 |  48.4
     Lair:3 |    7051 |    3789 |  35.0 |      25 |       7 |  21.9
     Lair:4 |    1281 |     336 |  20.8 |       3 |       1 |  25.0
     Lair:5 |   18512 |   10975 |  37.2 |      53 |      44 |  45.4
      Orc:1 |    3201 |    1712 |  34.8 |      16 |       5 |  23.8
      Orc:2 |    2954 |    9301 |  75.9 |      35 |      27 |  43.5
            +---------+---------+-------+---------+---------+-------
